 Dungeon Crawl Stone Soup version 0.29-a0-925-g0a7a3d12f8 (webtiles) character file.

Game seed: 4189462758706796715

207 gruber the Shooter (level 5, 0/42 HPs)
             Began as a Minotaur Hunter on July 28, 2022.
             Succumbed to Sigmund's poison
             ... on level 3 of the Dungeon.
             The game lasted 00:01:34 (1837 turns).

gruber the Shooter (Minotaur Hunter)                Turns: 1837, Time: 00:01:35

Health: 0/42       AC:  4    Str: 21    XL:     5   Next: 54%
Magic:  4/4        EV: 12    Int:  6    God:
Gold:   217        SH:  0    Dex: 16    Spells: 4/4 levels left

rFire   . . .      SeeInvis .   a - +0 shortbow
rCold   . . .      Faith    .   (shield currently unavailable)
rNeg    . . .      Spirit   .   c - +0 leather armour
rPois   .          Reflect  .   (helmet restricted)
rElec   .          Harm     .   (no cloak)
rCorr   .          Rampage  .   (no gloves)
Will    .....                   j - +0 pair of boots
Stlth   +.........              (no amulet)
HPRegen 0.14/turn               l - +6 ring of strength
MPRegen 0.09/turn               (no ring)

@: lethally poisoned (0 -> -8)
A: horns 2, retaliatory headbutt
a: no special abilities


You were on level 3 of the Dungeon.
You visited 1 branch of the dungeon, and saw 3 of its levels.

You collected 217 gold pieces.

Inventory:

Hand Weapons
 a - a +0 shortbow (weapon)
Armour
 c - a +0 leather armour (worn)
 j - a +0 pair of boots (worn)
Jewellery
 l - a +6 ring of strength (left hand)
 o - a +4 ring of protection
Scrolls
 b - a scroll of immolation
 d - a scroll of silence {unknown}
 e - a scroll of butterflies {unknown}
 f - 2 scrolls of identify {unknown}
 i - a scroll of amnesia {unknown}
 k - a scroll of torment {unknown}
 m - a scroll of magic mapping {unknown}
Potions
 g - a potion of ambrosia {unknown}
 h - 2 potions of attraction {unknown}
 n - 2 potions of brilliance {unknown}


   Skills:
 - Level 2.4 Fighting
 * Level 7.6 Ranged Weapons
 - Level 2.1 Dodging
 - Level 0.7 Stealth


You had 4 spell levels left.
You didn't know any spells.
Your spell library was empty.

Dungeon Overview and Level Annotations

Branches:
Dungeon (3/15)

Altars:

Shops:
D:3 !

Annotations:
D:3 Sigmund


Innate Abilities, Weirdness & Mutations

You have a pair of horns on your head.
You reflexively headbutt those who attack you in melee.


Message History

The quokka bites you but does no damage.
The quokka completely misses you. You furiously retaliate!
You headbutt the quokka, but do no damage.
You shoot an arrow. The arrow closely misses the quokka.
The bat hits you. The quokka closely misses you.
You hear some strange, mumbled words.
You are confused.
Unknown command.
You are too confused!
Unknown command.
The bat hits you but does no damage. The quokka barely misses you.
The bat closely misses you.
You hear some strange, mumbled words.
Something tries to affect you, but you resist.
The bat attacks as you move away! The bat hits you but does no damage.
The bat closely misses you. The quokka completely misses you.
Something hits you.
You are poisoned.
The quokka misses you.
You bump into the rock wall.
You feel very sick. The bat hits you. The quokka barely misses you.
You bump into the rock wall.
You feel sick. The bat barely misses you.
Something hits you but does no damage. The quokka bites you.
You feel less confused.
You feel sick. The bat hits you. The bat closely misses you.
The quokka closely misses you. You furiously retaliate!
You headbutt the quokka. Something hits you.
You are lethally poisoned!
Unknown command.
* * * LOW HITPOINT WARNING * * *
You feel very sick. The quokka bites you.
* * * LOW HITPOINT WARNING * * *
* * * LOW HITPOINT WARNING * * *
You feel very sick. The bat barely misses you. You furiously retaliate!
You headbutt the bat.
* * * LOW HITPOINT WARNING * * *
You feel very sick.
You die...

#. .)... #.. ..?..
##..# ######.....
#.... ..........
#..#..####.........
..<.?.#.{.......#
........#.......+
........rb.@....#
......###..††..##
#..
......####.....#
....
##..........####
... #.########.#
#.. # #........# #
#.. #........#
.#####.## #.
#.......##
.......###
#...#.......#
#..#....#


You could see a quokka and a bat.

Vanquished Creatures
  A phantom (D:2)
  An orc wizard (D:3)
  2 adders
  2 worms
  2 orcs (D:3)
  8 ball pythons
  9 endoplasms
  6 giant cockroaches
  9 goblins
  8 hobgoblins
  4 jackals (D:3)
  2 quokkas (D:1)
  5 bats
  3 frilled lizards
  5 kobolds
  4 rats
71 creatures vanquished.

Notes
Turn   | Place    | Note
-------+----------+-------------------------------------------
     0 | D:1      | gruber the Minotaur Hunter began the quest for the Orb.
     0 | D:1      | Reached XP level 1. HP: 18/18 MP: 0/0
    35 | D:1      | Found a faded altar of an unknown god.
   105 | D:1      | Reached XP level 2. HP: 21/25 MP: 1/1
   112 | D:1      | Reached skill level 5 in Ranged Weapons
   552 | D:2      | Reached XP level 3. HP: 30/30 MP: 2/2
   812 | D:2      | Reached skill level 6 in Ranged Weapons
  1097 | D:2      | Noticed a phantom
  1110 | D:2      | Killed a phantom
  1111 | D:2      | Reached skill level 7 in Ranged Weapons
  1111 | D:2      | Reached XP level 4. HP: 17/37 MP: 3/3
  1111 | D:2      | Reached XP level 5. HP: 19/42 MP: 4/4
  1694 | D:3      | Found Mefih's Distillery.
  1820 | D:3      | Noticed Sigmund
  1836 | D:3      | HP: 2/42 [poisoned by Sigmund]
  1837 | D:3      | Succumbed to Sigmund's poison

Illustrated notes

Levels and vault maps discovered:
D:1:      nzn_arrival_water_spiral, layout_rooms,
          chequers_ecumenical_altar_simple_redux
D:2:      cheibrodos_greedy_goblins, layout_basic, serial_bayou_pond_e,
          minmay_pentomino_x2
D:3:      layout_basic, serial_shops, shop, nicolae_square_shop,
          nicolae_lakefront_shop, shop, kennysheep_another_room,
          grunt_ministairs_1, uniq_sigmund

Skill      XL: |  1  2  3 |
---------------+----------+-----
Ranged Weapons | 5 7 |  7.6
Fighting       | |  2.4
Dodging        | |  2.1
Stealth        | |  0.7

Action                   |  1- 3 |  4- 6 || total
-------------------------+-------+-------++-------
 Fire: Shortbow          |   106 |    74 ||   180
Armor: Leather armour    |     6 |    23 ||    29
Dodge: Dodged            |    23 |    56 ||    79

Table legend: (Time is in decaauts)
 A = Elapsed time spent in this place.
 B = Non-inter-level travel time spent in this place.
 C = Inter-level travel time spent in this place.
 D = Time resting spent in this place.
 E = Time spent auto-exploring this place.
 F = Levels seen in this place.
 G = Mean time per level.
                   A        B        C        D        E       F      G
               +--------+--------+--------+--------+--------+-----+--------+
         Total |   1881 |   1834 |     47 |      0 |   1516 |   3 |  627.0 |
       Dungeon |   1881 |   1834 |     47 |      0 |   1516 |   3 |  627.0 |
               +--------+--------+--------+--------+--------+-----+--------+

Top non-repeatable levels by time:
     D:2: 1001 daAuts
     D:1: 556 daAuts
     D:3: 323 daAuts
